 Dungeon Crawl Stone Soup version 0.32-a0-876-gcfddb08e57 (webtiles) character file.

Game seed: 6246739684311822852

2849 osuadh the Fighter (level 10, -6/117 HPs)
             Began as a Djinni Hedge Wizard on Apr 2, 2024.
             Mangled by a wraith (8 damage)
             ... on level 8 of the Dungeon.
             The game lasted 00:17:56 (8575 turns).

osuadh the Fighter (Djinni Hedge Wizard)            Turns: 8575, Time: 00:17:56

Health: -6/117     AC: 32    Str:  8 (9)  XL:     10   Next: 4%
Gold:   527        EV:  2    Int: 18 (20) God:
                   SH:  0    Dex: 11 (13)

rFire   . . .        A - +1 short sword (protect)
rCold   + . .        (no shield)
rNeg    + . .        b - melded +0 robe
rPois   ∞            c - melded +0 hat
rElec   .            (cloak currently unavailable)
rCorr   .            (gloves currently unavailable)
SInv    .            (boots unavailable)
Will    +....        (no amulet)
Stlth   ++           h - ring of protection from cold
HPRegen 0.39/turn    x - ring of positive energy
MPRegen 0.00/turn

%: infuse magic (-7 HP)
@: tree-form, under a protective aura, slowed, very slow
A: stationary, stasis, torment immunity, boosted hp, sickness immunity, (fire
resistance 2), (cold vulnerability 1), float, innate caster, HP casting, extra
vitality 1
a: no special abilities


You were on level 8 of the Dungeon.
You were a tree.
You visited 2 branches of the dungeon, and saw 9 of its levels.

You collected 527 gold pieces.

Inventory:

Hand Weapons
 a - a +0 dagger
 q - a +4 flail of venom
 A - a +1 short sword of protection (weapon)
Armour
 b - a +0 robe (melded)
 c - a +0 hat (melded)
Jewellery
 h - a ring of protection from cold (left branch)
 x - a ring of positive energy (right branch)
Wands
 t - a wand of flame (24)
 C - a wand of paralysis (4)
Scrolls
 d - a scroll of teleportation {unknown}
 k - 5 scrolls of fear {unknown}
 m - a scroll of blinking {unknown}
 o - a scroll of enchant weapon {unknown}
 s - 2 scrolls of fog
 u - 2 scrolls of immolation {unknown}
 w - a scroll of brand weapon {unknown}
 y - 2 scrolls of summoning {unknown}
 z - a scroll of identify
 B - a scroll of revelation {unknown}
Potions
 e - 5 potions of resistance
 f - a potion of degeneration
 g - 2 potions of brilliance
 i - a potion of heal wounds {unknown}
 j - 3 potions of ambrosia
 l - 3 potions of haste {unknown}
 n - a potion of magic {unknown}
 v - a potion of might {unknown}
 D - 2 potions of mutation {unknown}
 E - a potion of attraction {unknown}


   Skills:
 + Level 9.4 Fighting
 - Level 2.1 Dodging
 - Level 1.5 Stealth
 + Level 7.7 Spellcasting
 + Level 7.7 Conjurations
 + Level 7.7 Hexes
   Level 0.0 Charms
 + Level 7.7 Summonings
 + Level 7.7 Necromancy
 + Level 7.7 Translocations
   Level 0.0 Transmutations
 + Level 7.7 Fire Magic
 + Level 7.7 Ice Magic
 + Level 7.7 Air Magic
 + Level 7.7 Earth Magic
 + Level 7.7 Alchemy


You knew the following spells:

 Your Spells              Type           Power      Damage    Failure   Level
a - Magic Dart            Conj           100%       1d8       1%          1
b - Slow                  Hex            100%       N/A       1%          1
c - Blink                 Tloc           70%        N/A       1%          2
d - Call Imp              Summ           70%        N/A       1%          2
e - Mephitic Cloud        Conj/Alch/Air  35%        N/A       1%          3
f - Summon Small Mammal   Summ           100%       N/A       1%          1
g - Scorch                Fire           70%        2d7       1%          2
h - Passwall              Erth           35%        N/A       1%          3
i - Leda's Liquefaction   Alch/Erth      17%        N/A       4%          4
Your spell library was empty.

Dungeon Overview and Level Annotations

Branches:
Dungeon (8/15)             Temple (1/1) D:6
   Lair: D:8-11

Altars:
Cheibriados
Dithmenos
Elyvilon
Fedhas
Gozag
Hepliaklqana
Okawaru
Ru
Trog
Uskayaw
Xom
Yredelemnul
Zin
The Shining One

Shops:
D:6 *

Annotations:
D:3 1 runed translucent door, EvilEddieB's ghost, amateur DsGl
D:4 1 runed translucent door, Crazy Yiuf
D:8 Maggie


Innate Abilities, Weirdness & Mutations

You are a tree.
Your roots penetrate the ground, keeping you stationary.
You cannot be teleported.
You are immune to unholy pain and torment.
Your maximum health is greatly increased.
Your equipment is partially melded.
You are immune to sickness and miasma.
You are immune to poison.
((Your flesh is very heat resistant. (rF++)))
((You are vulnerable to cold. (rC-)))
You float through the air rather than walking.
You learn spells naturally, not from books.
Your magical power is your life essence.
You have superior vitality. (+4 MHP)


Message History

Confirm with . or Enter, or press ? or * to list all spells.
You blink.
* * * LOW HITPOINT WARNING * * *
Your cerulean imp closely misses the wraith.
Okay, then.
You feel better. The wraith hits you.
* * * LOW HITPOINT WARNING * * *
The wraith drains your vigour!
You feel as though you will be slow longer.
Your cerulean imp hits the wraith but does no damage.
The wraith hits you but does no damage.
Your cerulean imp hits the wraith but does no damage.
As you read the scroll labelled YMUM POKI, it dissolves into smoke.
It was a scroll of fog.
The wraith hits you.
* * * LOW HITPOINT WARNING * * *
The wraith drains your vigour!
You feel as though you will be slow longer.
Your cerulean imp hits the wraith but does no damage.
You turn into a tree.
Your +0 hat melds into your body.
Your +0 robe melds into your body.
Your roots penetrate the ground.
You feel ready to blink again.
Your cerulean imp barely misses the wraith.
The wraith hits your cerulean imp!
The wraith drains your cerulean imp's vigour!
Your cerulean imp seems to slow down.
Your cerulean imp hits the wraith but does no damage.
You strike the helpless wraith from behind!
You hit the wraith but do no damage.
Your weapon exudes an aura of protection.
The wraith is almost destroyed.
The wraith hits you.
* * * LOW HITPOINT WARNING * * *
Your cerulean imp barely misses the wraith.
It was a potion of degeneration.
There was something very wrong with that liquid.
You feel weakened.
You feel dopey.
You feel clumsy. The wraith hits you but does no damage.
Your cerulean imp barely misses the wraith.
The wraith hits you!
You die...

#.# #.####...###..# #.#
##..# #........## #.##
#...# ##........####
.#.##
#..#####...........#####
###.##
#..##..'...............#
# ##.##
#..##.###.........####.#
##.# #..##§§5#........##
#.# # ##.##
#...#§§W#####..### #.#
###.##
###.###§§♣##..#.## #.#
.#.## ##...####§###..'.#
###.# ..## ##...#..#§§.
#.)### #.... ..#
#.......#...##..# ###.#
..####.....).#...#####
##... .............#####
#.... .######......#
######### ###... .#
#####..# ....... #.#..#
.# #.# @.... #.#.##


You could see a wraith (ally target) and a friendly cerulean imp (summoned,
slow).

Vanquished Creatures
  Joseph (D:8)
  Edmund (D:4)
  A sky beast (D:7)
  A black bear (D:6)
  An ice beast (D:6)
  4 centaurs
  2 ogres
  A kobold brigand (D:7)
  4 bullfrogs
  5 scorpions
  A gnoll sergeant (D:8)
  A howler monkey (D:6)
  3 bombardier beetles
  2 orc priests (D:5)
  2 hounds
  4 jellies
  A gnoll bouda (D:6)
  4 iguanas
  5 orc wizards
  7 gnolls
  13 adders
  3 shadow imps (D:7)
  A white imp (D:7)
  2 ufetubi (D:5)
  3 dart slugs
  2 ribbon worms
  14 orcs
  5 ball pythons
  10 endoplasms
  4 giant cockroaches
  8 goblins
  5 hobgoblins
  7 kobolds
  4 quokkas
  8 bats
  5 frilled lizards
  5 rats
150 creatures vanquished.

Vanquished Creatures (collateral kills)
  An orc priest (D:5)
  A bombardier beetle (D:5)
  An orc (D:5)
  2 kobolds (D:7)
5 creatures vanquished.

Grand Total: 155 creatures vanquished

Notes
Turn   | Place    | Note
-------+----------+-------------------------------------------
     0 | D:1      | osuadh the Djinni Hedge Wizard began the quest for the Orb.
     0 | D:1      | osuadh set off with the following spells memorised: Magic
                  | Dart, Slow, Blink, Call Imp, Mephitic Cloud.
     0 | D:1      | Reached XP level 1. HP: 15/15 MP: 0/0
   119 | D:1      | Reached XP level 2. HP: 15/22 MP: 0/0
   166 | D:1      | Reached skill level 1 in Fighting
   425 | D:1      | Reached XP level 3. HP: 24/27 MP: 0/0
   425 | D:1      | Learned a level 1 spell: Summon Small Mammal
  1063 | D:2      | Reached skill level 2 in Fighting
  1322 | D:2      | Reached XP level 4. HP: 32/33 MP: 0/0
  1362 | D:2      | Found a bloodstained altar of Trog.
  2308 | D:3      | Found a runed translucent door.
  2313 | D:3      | Noticed EvilEddieB's ghost (amateur DsGl)
  2457 | D:3      | Reached XP level 5. HP: 37/40 MP: 0/0
  2457 | D:3      | Learned a level 2 spell: Scorch
  2537 | D:3      | Reached skill level 3 in Fighting
  3141 | D:4      | Reached XP level 6. HP: 35/46 MP: 0/0
  3741 | D:4      | Noticed Edmund
  3945 | D:4      | Killed Edmund
  3946 | D:4      | Reached skill level 4 in Fighting
  4130 | D:4      | Found a runed translucent door.
  4131 | D:4      | Noticed Crazy Yiuf
  4304 | D:5      | Entered Level 5 of the Dungeon
  4319 | D:5      | Reached XP level 7. HP: 38/53 MP: 0/0
  4319 | D:5      | Learned a level 3 spell: Passwall
  4653 | D:5      | Found a shadowy altar of Dithmenos.
  4681 | D:5      | Reached skill level 5 in Fighting
  4681 | D:5      | Reached skill level 5 in Spellcasting
  4681 | D:5      | Reached skill level 5 in Conjurations
  4681 | D:5      | Reached skill level 5 in Hexes
  4681 | D:5      | Reached skill level 5 in Summonings
  4681 | D:5      | Reached skill level 5 in Necromancy
  4681 | D:5      | Reached skill level 5 in Translocations
  4681 | D:5      | Reached skill level 5 in Fire Magic
  4681 | D:5      | Reached skill level 5 in Ice Magic
  4681 | D:5      | Reached skill level 5 in Air Magic
  4681 | D:5      | Reached skill level 5 in Earth Magic
  4681 | D:5      | Reached skill level 5 in Alchemy
  4826 | D:5      | Reached XP level 8. HP: 51/61 MP: 0/0
  5062 | D:5      | Reached skill level 6 in Fighting
  5670 | D:6      | Reached skill level 7 in Fighting
  5834 | D:6      | Found a glowing silver altar of Zin.
  5920 | D:6      | Reached XP level 9. HP: 12/68 MP: 0/0
  5920 | D:6      | Learned a level 4 spell: Leda's Liquefaction
  6177 | D:6      | Found a staircase to the Ecumenical Temple.
  6199 | Temple   | Entered the Ecumenical Temple
  6223 | D:6      | Found Ciemycw's Gadget Gallery.
  6579 | D:7      | Reached skill level 8 in Fighting
  6913 | D:7      | Found an iron altar of Okawaru.
  8218 | D:8      | Reached skill level 9 in Fighting
  8238 | D:8      | Noticed Joseph
  8251 | D:8      | Killed Joseph
  8252 | D:8      | Reached XP level 10. HP: 28/78 MP: 0/0
  8425 | D:8      | Noticed Maggie
  8574 | D:8      | HP: 1/117 [wraith (6)]
  8575 | D:8      | Mangled by a wraith

Illustrated notes

Levels and vault maps discovered:
D:1:      psy_arrival_radial02, layout_loops_ring
D:2:      layout_basic, basic_altar, grunt_ministairs_14
D:3:      layout_rooms, ebering_ghost_reflecting_pool
D:4:      layout_basic, uniq_crazy_yiuf_cottage, uniq_edmund
D:5:      layout_loops_ring, mainiacjoe_overflow_cross_hatched
D:6:      layout_rooms, mainiacjoe_overflow_paths, minmay_temple_entry_ruins,
          nicolae_shop_gadgets
D:7:      minmay_spotlight, layout_basic, okawaru_ov_weapons_minmay,
          hangedman_decor_peaks_small, hangedman_decor_points
D:8:      wad_cavern_with_rooms, layout_loops_corners,
          mainiacjoe_overflow_boulevard, lemuel_coloured_pillars_altar,
          uniq_joseph, uniq_maggie
Temple:   dshaligram_water_room_temple

Skill      XL: |  1  2  3  4  5  6  7  8  9 |
---------------+----------------------------+-----
Fighting       | 1 2 3 4 5 7 9 |  9.4
Spellcasting   | 4 5 6 7 |  7.7
Conjurations   | 4 5 6 7 |  7.7
Hexes          | 4 5 6 7 |  7.7
Summonings     | 4 5 6 7 |  7.7
Necromancy     | 4 5 6 7 |  7.7
Translocations | 4 5 6 7 |  7.7
Fire Magic     | 4 5 6 7 |  7.7
Ice Magic      | 4 5 6 7 |  7.7
Air Magic      | 4 5 6 7 |  7.7
Earth Magic    | 4 5 6 7 |  7.7
Alchemy        | 4 5 6 7 |  7.7
Dodging        | |  2.1
Stealth        | |  1.5

Action                     |  1- 3 |  4- 6 |  7- 9 | 10-12 || total
---------------------------+-------+-------+-------+-------++-------
  Melee: Dagger            |     2 |       |       |       ||     2
         Flail             |       |     6 |     9 |       ||    15
         Short sword       |       |       |       |     1 ||     1
   Cast: Magic Dart        |    84 |   155 |     6 |     8 ||   253
         Mephitic Cloud    |       |     9 |    17 |       ||    26
         Scorch            |       |     3 |   150 |     9 ||   162
         Call Imp          |       |     3 |    12 |     1 ||    16
         Blink             |       |       |       |     1 ||     1
    Use: Scroll            |       |       |     5 |     1 ||     6
         Potion            |       |       |       |     3 ||     3
   Stab: Sleeping          |       |       |     1 |       ||     1
         Distracted        |       |       |       |     1 ||     1
 Armour: Robe              |    10 |    24 |    50 |    17 ||   101
         Skin              |       |       |       |     3 ||     3
  Dodge: Dodged            |     6 |    16 |    40 |     9 ||    71

Table legend: (Time is in decaauts)
 A = Elapsed time spent in this place.
 B = Non-inter-level travel time spent in this place.
 C = Inter-level travel time spent in this place.
 D = Time resting spent in this place.
 E = Time spent auto-exploring this place.
 F = Levels seen in this place.
 G = Mean time per level.
                   A        B        C        D        E       F      G
               +--------+--------+--------+--------+--------+-----+--------+
         Total |   8589 |   8406 |    183 |   2373 |   4745 |   9 |  954.3 |
       Dungeon |   8587 |   8404 |    183 |   2373 |   4745 |   8 | 1073.4 |
        Temple |      1 |      1 |      0 |      0 |      0 |   1 |    1.0 |
               +--------+--------+--------+--------+--------+-----+--------+

Top non-repeatable levels by time:
     D:4: 1586 daAuts
     D:7: 1560 daAuts
     D:5: 1226 daAuts
     D:2: 1085 daAuts
     D:1: 1056 daAuts
     D:6: 760 daAuts
     D:3: 757 daAuts
     D:8: 553 daAuts
  Temple: 1 daAuts
